 Dungeon Crawl Stone Soup version 0.30-a0-358-g0d69a1922f (webtiles) character file.

Game seed: 2519764901454362266

27 koil the Sneak (level 2, -1/20 HPs)
             Began as a Vampire Enchanter on Nov 9, 2022.
             Succumbed to an adder's poison
             ... on level 2 of the Dungeon.
             The game lasted 00:02:02 (719 turns).

koil the Sneak (Vampire Enchanter)                   Turns: 719, Time: 00:02:02

Health: -1/20      AC:  2    Str:  7    XL:     2   Next: 93%
Magic:  5/5        EV: 12    Int: 17    God:
Gold:   53         SH:  0    Dex: 14    Spells: 3/5 levels left

rFire   . . .      SeeInvis +    a - +1 dagger (speed)
rCold   . . .      Faith    .    (no shield)
rNeg    . . .      Spirit   .    b - +0 robe
rPois   .          Reflect  .    (no helmet)
rElec   .          Harm     .    (no cloak)
rCorr   .          Rampage  .    (no gloves)
Will    .....                    (no boots)
Stlth   +++.......               (no amulet)
HPRegen 0.43/turn                (no ring)
MPRegen 0.09/turn                (no ring)

@: brilliant, lethally poisoned (-1 -> -5), healing quickly
A: alive, fangs 3, see invisible, vampiric 1
a: Exsanguinate


You were on level 2 of the Dungeon.
You visited 1 branch of the dungeon, and saw 2 of its levels.

You collected 53 gold pieces.

Inventory:

Hand Weapons
 a - a +1 dagger of speed (weapon)
 k - a +1 dagger
Armour
 b - a +0 robe (worn)
Scrolls
 f - a scroll of vulnerability {unknown}
 h - a scroll of enchant armour {unknown}
 i - a scroll of magic mapping {unknown}
 j - a scroll of identify {unknown}
 m - 3 scrolls of enchant weapon {unknown}
Potions
 c - 2 potions of invisibility
 d - a potion of brilliance
 e - 2 potions of heal wounds {unknown}
 g - a potion of lignification {unknown}
 l - a potion of ambrosia {unknown}
 n - a potion of mutation {unknown}


   Skills:
 + Level 0.7 Fighting
 + Level 1.5 Short Blades
 + Level 0.4 Armour
 + Level 2.4 Dodging
 + Level 4.7 Stealth
 + Level 2.1 Spellcasting
 + Level 4.7 Hexes


You had 3 spell levels left.
You knew the following spells:

 Your Spells              Type           Power      Damage    Failure   Level
a - Ensorcelled Hibernat  Hex/Ice        28%        N/A       11%         2

Your spell library contained the following spells:

 Spells                   Type           Power      Damage    Failure   Level
 Confusing Touch          Hex            26%        N/A       9%          3
 Tukima's Dance           Hex            26%        N/A       9%          3
 Dazzling Flash           Conj/Hex       28%        N/A       22%         3
 Summon Mana Viper        Hex/Summ       14%        N/A       90%         5
 Summon Forest            Summ/Tloc      1%         N/A       99%         5
 Summon Cactus Giant      Summ           1%         N/A       100%        6


Dungeon Overview and Level Annotations

Branches:
Dungeon (2/15)

Altars:


Innate Abilities, Weirdness & Mutations

Your natural rate of healing is accelerated.
You have razor-sharp teeth.
You have supernaturally acute eyesight. (SInv)
You are afflicted with vampirism.


Message History

The adder is moderately wounded.
You feel sick. The adder closely misses you.
The giant cockroach barely misses you.
You hit the adder but do no damage.
The adder is moderately wounded.
The adder bites you.
You miss the adder.
The adder is moderately wounded.
You feel sick.
You are no longer poisoned.
The giant cockroach bites you.
You hit the adder.
The adder is severely wounded.
The adder barely misses you. The giant cockroach closely misses you.
You barely miss the adder.
The adder is severely wounded.
The adder bites you.
You are poisoned.
The adder poisons you! The giant cockroach closely misses you.
You hit the adder.
The adder is almost dead.
You feel sick. The adder bites you.
You are more poisoned.
The adder poisons you! The giant cockroach closely misses you.
You miss the adder.
The adder is almost dead.
* * * LOW HITPOINT WARNING * * *
You feel sick. The adder bites you.
* * * LOW HITPOINT WARNING * * *
You hit the adder.
You kill the adder!
* * * LOW HITPOINT WARNING * * *
You feel sick. The giant cockroach bites you.
* * * LOW HITPOINT WARNING * * *
* * * LOW HITPOINT WARNING * * *
You feel sick.
You see here an adder corpse.
It was a potion of brilliance.
You feel clever all of a sudden.
You die...

#.. #....##
#..##!....#
#...#.....#
##.........###
.............
#............
#...#.....##
#...#@.....#
#.##..<#B...#.#
#............#
##......#....#
........#....#
........#....#
#..?.........#
#..............
#.......#....###


You could see a giant cockroach.

Vanquished Creatures
  An adder (D:2)
  2 bats (D:1)
  An endoplasm (D:1)
  2 goblins (D:1)
  A hobgoblin (D:1)
  2 quokkas (D:1)
  5 ball pythons (D:1)
  A frilled lizard (D:1)
  A kobold (D:1)
  2 rats (D:1)
18 creatures vanquished.

Notes
Turn   | Place    | Note
-------+----------+-------------------------------------------
     0 | D:1      | koil the Vampire Enchanter began the quest for the Orb.
     0 | D:1      | Reached XP level 1. HP: 13/13 MP: 3/3
   175 | D:1      | Reached XP level 2. HP: 20/20 MP: 5/5
   178 | D:1      | Learned a level 2 spell: Ensorcelled Hibernation
   278 | D:1      | HP: 2/20 [kobold/+0 whip (4)]
   716 | D:2      | HP: 4/20 [adder (2)]
   717 | D:2      | HP: 1/20 [giant cockroach (2)]
   719 | D:2      | Succumbed to an adder's poison

Illustrated notes

Levels and vault maps discovered:
D:1:      dpeg_arrival_stone_temple_mockup, layout_basic
D:2:      layout_basic

Action                   || total
-------------------------++-------
Melee: Dagger            ||    76
       Bite              ||     2
  Use: Potion            ||     1
 Stab: Sleeping          ||     4
Armor: Robe              ||    10
Dodge: Dodged            ||    74

Table legend: (Time is in decaauts)
 A = Elapsed time spent in this place.
 B = Non-inter-level travel time spent in this place.
 C = Inter-level travel time spent in this place.
 D = Time resting spent in this place.
 E = Time spent auto-exploring this place.
 F = Levels seen in this place.
 G = Mean time per level.
                   A        B        C        D        E       F      G
               +--------+--------+--------+--------+--------+-----+--------+
         Total |    708 |    702 |      6 |      0 |    534 |   2 |  354.0 |
       Dungeon |    708 |    702 |      6 |      0 |    534 |   2 |  354.0 |
               +--------+--------+--------+--------+--------+-----+--------+

Top non-repeatable levels by time:
     D:1: 695 daAuts
     D:2: 12 daAuts
